 Seeded DCSS version 0.29-a0-1016-g236c7fd91e (webtiles) character file.

Game seed: 7342366568254797479 (custom seed)

3 flotson the Sneak (level 1, -6/18 HPs)
             Began as a Demonspawn Delver on Aug 9, 2022.
             Killed by divine providence
             ... invoked by an orc priest
              (14 damage)
             ... on level 4 of the Dungeon.
             The game lasted 00:00:57 (224 turns).

flotson the Sneak (Demonspawn Delver)                Turns: 224, Time: 00:00:58

Health: -6/18      AC:  3    Str: 12    XL:     1   Next: 41%
Magic:  1/1        EV: 11    Int: 11    God:
Gold:   0          SH:  0    Dex: 14    Spells: 0/0 levels left

rFire   . . .      SeeInvis .   b - +8 sling of Drought {freeze, Will+ Stlth+}
rCold   . . .      Faith    .   (no shield)
rNeg    . . .      Spirit   .   h - +0 leather armour
rPois   .          Reflect  .   (no helmet)
rElec   .          Harm     .   (no cloak)
rCorr   .          Rampage  .   (no gloves)
Will    +....                   (no boots)
Stlth   +++.......              (no amulet)
HPRegen 0.06/turn               (no ring)
MPRegen 0.07/turn               (no ring)

@: no status effects
A: no striking features
a: no special abilities


You were on level 4 of the Dungeon.
You visited 2 branches of the dungeon, and saw 3 of its levels.

Inventory:

Hand Weapons
 a - a +0 spear
 b - the +8 sling of Drought (weapon) {freeze, Will+ Stlth+}
   (You found it on level 4 of the Dungeon)

   Any ammunition fired from it freezes those it strikes, dealing additional
   cold damage.
   It can also slow down cold-blooded creatures.
   Will:      It increases your willpower.
   Stlth:     It makes you more stealthy.
Armour
 h - a +0 leather armour (worn)
Wands
 g - a wand of digging (3)
Scrolls
 c - 2 scrolls of fog
 d - a scroll of magic mapping
 e - a scroll of fear
 i - a scroll of identify {unknown}
Potions
 f - a potion of haste


   Skills:
 + Level 3.0 Fighting
 - Level 1.7 Polearms
 * Level 0.2 Ranged Weapons
 + Level 0.1 Armour
 + Level 1.8 Dodging
 - Level 4.5 Stealth
 + Level 0.1 Evocations


You couldn't memorise any spells.
You didn't know any spells.
Your spell library was empty.

Dungeon Overview and Level Annotations

Branches:
Dungeon (5/15)             Temple (1/1) D:5

Altars:
Gozag
Hepliaklqana
Kikubaaqudgha
Nemelex Xobeh
Okawaru
Sif Muna
Xom

Annotations:
Temple 4 transporters


Message History

No target in view!
The +8 sling of Drought {freeze, Will+ Stlth+} is covered in frost.
b - the +8 sling of Drought (weapon)
{freeze, Will+ Stlth+} HP restored.
i - a scroll labelled LILUDD JEWIASI A goblin comes into view.
It is wielding a +0 dagger.
You shoot a sling bullet. The sling bullet hits the goblin.
The sling bullet freezes the goblin.
You kill the goblin!
No target in view!
No target in view!
No target in view!
You open the door.
There is an open door here.
A kobold comes into view. It is wielding a +0 club.
You shoot a sling bullet. The sling bullet hits the kobold.
The sling bullet freezes the kobold.
You kill the kobold!
No target in view!
No target in view!
You open the door. 2 orcs come into view.
Found a leather armour.
You shoot a sling bullet. The sling bullet hits the orc.
The sling bullet freezes the orc.
The orc shouts!
The orc is almost dead.
You hear a shout!
You hear an angry hiss.
An orc priest comes into view. It is wielding a +0 trident.
A water moccasin comes into view.
You shoot a sling bullet. The sling bullet hits the orc!
The sling bullet freezes the orc.
You kill the orc!
The orc priest calls down the wrath of Beogh upon you.
Beogh smites you!
Ouch! That really hurt!
The orc priest mumbles some strange prayers to Beogh against you.
Beogh smites you!
Ouch! That really hurt!
You die...

.........###
.........).#
..........#.#
............#
.........########
...............+
........########
#######.# #@# #o#
... .o... .......
....S....
#..........
#...[...####


You could see a water moccasin, an orc priest and an orc.

Vanquished Creatures
  An orc (D:4)
  A goblin (D:4)
  A quokka (D:4)
  A kobold (D:4)
4 creatures vanquished.

Notes
Turn   | Place    | Note
-------+----------+-------------------------------------------
     0 | D:5      | flotson the Demonspawn Delver began the quest for the Orb.
     0 | D:5      | Reached XP level 1. HP: 18/18 MP: 1/1
     1 | D:5      | Found a staircase to the Ecumenical Temple.
    10 | Temple   | Entered the Ecumenical Temple
    10 | Temple   | Found a transporter.
    10 | Temple   | Found a transporter.
    12 | Temple   | Found a transporter.
    12 | Temple   | Found a transporter.
   115 | D:5      | Noticed a hound
   138 | D:4      | Identified the +8 sling of Drought {freeze, Will+ Stlth+}
   223 | D:4      | Noticed an orc priest
   223 | D:4      | Noticed a water moccasin
   224 | D:4      | Killed from afar by an orc priest

Illustrated notes

Levels and vault maps discovered:
D:4:      layout_basic, dancing_weapons_uskayaw, slow_altar_2, uniq_sigmund,
          uniq_duvessa
D:5:      layout_loops_corners, evilmike_ruin_ashenzari,
          minmay_temple_entry_statues_fountains
Temple:   hellmonk_temple_divided_pantheon

Action                   || total
-------------------------++-------
Melee: Spear             ||     4
 Fire: Sling             ||     4
Dodge: Dodged            ||     1

Table legend: (Time is in decaauts)
 A = Elapsed time spent in this place.
 B = Non-inter-level travel time spent in this place.
 C = Inter-level travel time spent in this place.
 D = Time resting spent in this place.
 E = Time spent auto-exploring this place.
 F = Levels seen in this place.
 G = Mean time per level.
                   A        B        C        D        E       F      G
               +--------+--------+--------+--------+--------+-----+--------+
         Total |    224 |    207 |     17 |      0 |     87 |   3 |   74.7 |
       Dungeon |    193 |    192 |      1 |      0 |     87 |   2 |   96.5 |
        Temple |     31 |     15 |     16 |      0 |      0 |   1 |   31.0 |
               +--------+--------+--------+--------+--------+-----+--------+

Top non-repeatable levels by time:
     D:5: 105 daAuts
     D:4: 87 daAuts
  Temple: 31 daAuts
